 Dungeon Crawl Stone Soup version bcrawl-1.12.2 (webtiles) character file.

Game seed: 11050514876374354063

589 RedPan the Insei (level 7, 0/52 HPs)
             Began as a Grey Draconian Transmuter on July 23, 2019.
             Was a Follower of Ru.
             Succumbed to Dowan's poison
             ... on level 4 of the Dungeon.
             The game lasted 00:11:15 (4211 turns).

RedPan the Insei (Grey Draconian Transmuter)        Turns: 4211, Time: 00:11:16

Health: 0/52       AC:  2    Str: 17    XL:     7   Next: 15%
Magic:  9/11       EV: 22    Int: 15    God:    Ru [*.....]
Gold:   205        SH:  0    Dex: 17    Spells: 8/12 levels left

rFire    . . .     SeeInvis .     - Unarmed
rCold    . . .     Gourm    .   (shield currently unavailable)
rNeg     . . .     Faith    .   (armour unavailable)
rPois    x         Spirit   .   (helmet currently unavailable)
rElec    .         Reflect  .   (cloak currently unavailable)
rCorr    .         Harm     .   (gloves currently unavailable)
MR       .....                  (boots currently unavailable)
Stlth    ++........             (no amulet)
HPRegen  0.17/turn              b - +2 ring of evasion
MPRegen  0.12/turn              (no ring)

@: mighty, lethally poisoned (0 -> -22), spider-form (expiring), hasted, very
quick
A: tiny, (walk through water), unfitting armour, hated by all, AC +11
a: End Transformation, Renounce Religion


You were on level 4 of the Dungeon.
You worshipped Ru.
Ru was aware of your devotion.
You were hungry.
You were a venomous arachnid creature.
You visited 1 branch of the dungeon, and saw 4 of its levels.

You collected 205 gold pieces.

Inventory:

Missiles
 a - 627 arrows
Jewellery
 b - a +2 ring of evasion (left front leg)
Wands
 g - a wand of flame (10)
 i - a wand of disintegration (14)
 n - a wand of iceblast (12)
Scrolls
 f - a scroll of amnesia
 j - a scroll of teleportation
 k - 2 scrolls of remove curse
 l - a scroll of enchant armour {unknown}
Potions
 c - 5 potions of lignification
 h - 2 potions of magic
Comestibles
 d - 6 rations {!d}


   Skills:
 - Level 1.1 Fighting
 + Level 2.2 Dodging
 + Level 5.5 Unarmed Combat
 - Level 3.0 Spellcasting
 + Level 5.1 Transmutations
 - Level 2.1 Poison Magic


You had 8 spell levels left.
You knew the following spells:

 Your Spells              Type           Power        Failure   Level  Hunger
a - Beastly Appendage     Tmut           ###...       10%         1    #......
c - Spider Form           Tmut/Pois      ##.          32%         3    ###....

Your spell library contained the following spells:

 Spells                   Type           Power        Failure   Level  Hunger
 Ice Form                 Ice/Tmut       #.......     77%         4    #####..
 Blade Hands              Tmut           ###.......   77%         5    ######.
 Sticks to Snakes         Tmut           Unusable     N/A         2    N/A

Dungeon Overview and Level Annotations

Branches:
Dungeon (4/12)
 Temple: D:4-7

Altars:
Ru

Annotations:
D:4 Dowan


Innate Abilities, Weirdness & Mutations

((You can walk through water.))
((Your dull iron-grey scales are very hard. (AC +11)))
You cannot fit into any form of body armour.
((You can survive without breathing.))
((You are cold-blooded and may be slowed by cold attacks.))
You are hated by all.


Message History

You are more poisoned.
You hit Duvessa.
You kill Duvessa!
Dowan screams, "No!
Oh no!"
Dowan seems to find hidden reserves of power!
Your Dodging skill increases to level 2!
Your Transmutations skill increases to level 5!
You have reached level 7!
Your scales start taking on a dull iron-grey colour.
You learn Air Magic much slower.
You learn Earth Magic much quicker.
You can walk through water.
You feel breathless.
* * * LOW HITPOINT WARNING * * *
You feel sick. Dowan barely misses you.
Okay, then.
Really quaff the potion of lignification?
Okay, then.
Okay, then.
You barely miss Dowan.
You die...

#...... #. .....# #.
#### ....#### #.
#..##..e.....######
#....##......#...##
##................# #
##......#..#..#.(.
#.###....##..#..##..
..##..s##.###..#...##..
#......)e....#..#..###..
##.#................####
#............#....# #
##...........####.###
##...##.....## #...#
...##........##..#.. ...
##..............
....###...........>..


You could see Dowan.

Vanquished Creatures
  Duvessa (D:4)
  An ogre (D:3)
  A crimson imp (D:4)
  An orc priest (D:3)
  3 orc wizards
  Natasha (thrice) (D:4)
  A hound skeleton (D:4)
  4 adders
  A shadow imp (D:3)
  An ooze (D:2)
  An adder skeleton (D:4)
  A worm (D:3)
  2 dart slugs
  5 leopard geckos
  8 orcs
  4 giant cockroaches
  6 goblins
  6 hobgoblins
  19 jackals
  A quokka (D:2)
  A ball python (D:3)
  5 bats
  A frilled lizard (D:1)
  8 kobolds
  5 rats
90 creatures vanquished.

Vanquished Creatures (collateral kills)
  2 orcs (D:3)
2 creatures vanquished.

Grand Total: 92 creatures vanquished

Notes
Turn   | Place    | Note
-------+----------+-------------------------------------------
     0 | D:1      | RedPan the Draconian Transmuter began the quest for the
                  | Orb.
     0 | D:1      | Reached XP level 1. HP: 16/16 MP: 3/3
   110 | D:1      | Reached XP level 2. HP: 14/23 MP: 3/5
   176 | D:1      | Learned a level 2 spell: Sticks to Snakes
   881 | D:1      | Reached XP level 3. HP: 21/28 MP: 4/6
  1036 | D:2      | Found a sacrificial altar of Ru.
  1138 | D:2      | Reached XP level 4. HP: 15/35 MP: 6/8
  1258 | D:2      | Became a worshipper of Ru the Awakened
  1739 | D:3      | Learned a level 3 spell: Spider Form
  2123 | D:3      | Reached skill level 1 in Poison Magic
  2123 | D:3      | Reached XP level 5. HP: 31/40 MP: 5/9
  2508 | D:3      | Gained mutation: You are hated by all. [Ru sacrifice]
  2508 | D:3      | Reached * piety under Ru
  2836 | D:4      | Noticed an ogre
  3067 | D:4      | Noticed Natasha
  3126 | D:3      | Killed an ogre
  3126 | D:3      | Reached XP level 6. HP: 11/47 MP: 6/10
  3529 | D:4      | Killed Natasha
  3759 | D:4      | Reached skill level 5 in Unarmed Combat
  3781 | D:4      | Noticed Natasha
  3795 | D:4      | Killed Natasha
  3906 | D:4      | Noticed Natasha
  3944 | D:4      | Killed Natasha
  4181 | D:4      | Noticed Duvessa
  4185 | D:4      | Noticed Dowan
  4209 | D:4      | HP: 2/47 [Dowan/+4 dagger of venom (1)]
  4210 | D:4      | Killed Duvessa
  4210 | D:4      | Reached skill level 5 in Transmutations
  4210 | D:4      | Your scales start taking on a dull iron-grey colour.
  4210 | D:4      | Reached XP level 7. HP: 2/52 MP: 8/11
  4210 | D:4      | Gained mutation: You can survive without breathing. [Grey
                  | Draconian growth]
  4211 | D:4      | Succumbed to Dowan's poison

Skill      XL: |  1  2  3  4  5  6 |
---------------+-------------------+-----
Transmutations | 3 5 |  5.1
Spellcasting   | 3 |  3.0
Unarmed Combat | 4 5 |  5.5
Poison Magic   | 1 2 |  2.1
Dodging        | 2 |  2.2
Fighting       | |  1.1

Action                   |  1- 3 |  4- 6 |  7- 9 || total
-------------------------+-------+-------+-------++-------
Melee: Unarmed           |   107 |   242 |     1 ||   350
       Tailslap          |     5 |    22 |       ||    27
       Headbutt          |     5 |    11 |       ||    16
       Kick              |     4 |     8 |       ||    12
       Punch             |     1 |     3 |       ||     4
 Cast: Beastly Appendage |    11 |    17 |       ||    28
       Sticks to Snakes  |     1 |     3 |       ||     4
       Spider Form       |       |     9 |       ||     9
Invok: Sacrifice Love    |       |     1 |       ||     1
  Use: Scroll            |     1 |     8 |       ||     9
       Potion            |       |     2 |       ||     2
 Stab: Sleeping          |     1 |     1 |       ||     2
       Distracted        |     1 |     1 |       ||     2
       Paralysed         |       |     2 |       ||     2
  Eat: Chunk             |       |    12 |       ||    12
Armor: Skin              |    37 |    50 |       ||    87
Dodge: Dodged            |    83 |   176 |     1 ||   260
